Map: King of Braxis Station

Players

MrFercho - Winner!

  • Race: Zerg Zerg
  • Spawn Location: 6:00

tigro

  • Race: Terran Terran
  • Spawn Location: 3:00

TATORREA

  • Race: Protoss Protoss
  • Spawn Location: 12:00

VOD

Have the link to the VOD?

Description

Time

  • Played on: April 12, 2020, 8:34 p.m.
  • Length: 125:40
Show
View Real Time Build Order
Export as new Build Order

MrFercho Zerg - Winner!

Build Orders: Pool First 

Get SALT Encoding   

  12  0:04  Drone  
  13  0:15  Overlord  
  13  0:20  Extractor  
  12  0:28  Drone x2  
  15  0:35  Drone  
  15  0:36  Extractor  
  14  0:46  Drone  
  15  0:50  Drone  
  16  1:00  Drone  
  17  1:09  Spawning Pool  
  16  1:15  Drone  
  17  1:35  Drone x2  
  19  1:43  Drone  
  19  1:44  Hatchery  
  19  1:54  Overlord  
  19  1:57  Metabolic Boost  
  19  2:05  Queen  
  21  2:12  Zergling x2  
  22  2:23  Zergling x2  
  23  2:38  Evolution Chamber  
  22  2:48  Zergling x2  
  22  2:49  Zergling x2  
  24  2:55  Drone  
  25  3:03  Lair  
  25  3:15  Hatchery  
  25  3:19  Zerg Melee Weapons Level 1  
  24  3:46  Drone  
  24  3:47  Drone x8  
  31  4:38  Zergling x4  
  31  4:39  Zergling x12  
  37  5:07  Overlord  
  37  5:08  Overlord x2  
  37  5:09  Zergling x6  
  33  5:56  Pneumatized Carapace  
  32  6:02  Drone  
  32  6:03  Drone x2  
  35  6:04  Zergling x2  
  35  6:05  Zergling x10  
  41  6:26  Zerg Ground Armor Level 1  
  41  6:37  Roach Warren  
  40  6:49  Drone x2  
  40  6:50  Drone x7  
  40  6:51  Baneling Nest  
  48  7:35  Centrifical Hooks  
  48  7:36  Glial Reconstitution  
  48  7:54  Hatchery  
  48  7:55  Infestation Pit  
  46  8:00  Hatchery  
  46  8:03  Hatchery  
  44  8:09  Hatchery  
  44  8:10  Hatchery  
  42  8:14  Hatchery  
  41  8:20  Zerg Melee Weapons Level 2  
  41  8:55  Tunneling Claws  
  32  9:14  Roach x3  
  32  9:15  Roach x3  
  32  9:16  Zergling x2  
  32  9:17  Zergling x6  
  48  9:38  Drone x2  
  50  10:05  Nydus Network  
  49  10:10  Drone x3  
  52  10:25  Overlord x3, Drone  
  52  10:26  Drone x4  
  52  10:27  Overlord x2, Drone x3  
  52  10:28  Overlord, Drone x2  
  62  10:29  Drone x3  
  62  10:30  Overlord, Drone  
  66  10:39  Zerg Ground Armor Level 2  
  66  10:46  Nydus Canal  
  66  11:28  Drone x3  
  69  11:34  Extractor  
  69  11:39  Extractor  
  67  11:41  Extractor x2  
  65  11:53  Spine Crawler  
  64  11:55  Spine Crawler x2  
  64  11:57  Spine Crawler  
  61  12:03  Spore Crawler  
  60  12:22  Drone  
  61  12:23  Drone x7  
  61  12:24  Drone x2  
  70  12:33  Spire  
  70  12:35  Spire  
  68  12:39  Spire  
  68  12:40  Hydralisk Den  
  62  13:25  Hive  
  62  13:29  Burrow  
  62  13:34  Overseer  
  62  13:40  Hydralisk x2  
  62  13:41  Hydralisk x6  
  66  13:42  Hydralisk x3  
  66  13:48  Drone  
  85  13:49  Drone x2  
  87  14:03  Grooved Spines  
  87  14:06  Zerg Flyer Weapons Level 1  
  87  14:38  Overlord  
  87  14:39  Overlord x3  
  87  14:40  Overlord x2  
  87  14:41  Overlord  
  87  14:42  Overlord x2  
  87  14:43  Overlord x2  
  87  14:51  Drone x2  
  87  14:52  Drone  
  90  14:57  Drone x3  
  93  15:15  Muscular Augments  
  93  15:19  Drone x4  
  93  15:20  Drone x15  
  112  15:42  Evolution Chamber  
  112  15:44  Evolution Chamber  
  110  16:02  Lurker Den  
  109  16:04  Lurker Den  
  108  16:13  Ultralisk Cavern  
  108  16:16  Ultralisk Cavern  
  106  16:19  Spore Crawler  
  106  16:20  Spore Crawler  
  106  16:24  Spine Crawler  
  103  16:26  Spine Crawler  
  103  16:27  Spine Crawler  
  101  16:37  Drone  
  101  16:38  Drone x2  
  104  16:43  Drone x3  
  107  16:51  Overseer  
  107  16:52  Overseer x2  
  107  16:54  Overseer  
  107  17:01  Chitinous Plating  
  107  17:05  Seismic Spines, Adaptive Talons  
  107  17:12  Roach  
  107  17:13  Roach x10  
  129  17:42  Lurker x4  
  129  17:43  Lurker x7  
  140  18:20  Anabolic Synthesis  
  137  18:33  Hydralisk x7  
  137  18:34  Hydralisk x12  
  175  19:10  Corruptor x2  
  175  19:11  Corruptor x2  
  175  19:12  Corruptor  
  175  19:13  Corruptor  
  187  20:27  Corruptor  
  187  20:28  Corruptor x6  
  189  21:03  Overseer  
  189  21:22  Corruptor x4  
  189  21:23  Corruptor  
  199  22:19  Drone  
  200  22:59  Nydus Canal  
  134  24:28  Corruptor  
  134  24:29  Corruptor x11  
  134  24:30  Corruptor x8  
  148  26:31  Corruptor x5  
  148  26:32  Corruptor x16  
  190  27:16  Corruptor x5  
  200  27:52  Greater Spire  
  200  27:55  Zerg Flyer Weapons Level 2  
  200  27:56  Zerg Flyer Armor Level 1  
  200  28:03  Zerg Melee Weapons Level 3, Zerg Ground Armor Level 3, Zerg Missile Weapons Level 1  
  200  28:07  Adrenal Glands  
  200  28:20  Pathogen Glands  
  200  28:48  Roach x13  
  200  29:17  Neural Parasite  
  186  30:01  Ravager  
  186  30:02  Ravager x5  
  186  30:07  Hydralisk x4  
  200  30:35  Unknown  
  185  30:52  Hydralisk  
  185  30:53  Hydralisk x8  
  164  31:51  Corruptor x2  
  164  31:52  Corruptor x19  
  182  32:07  Overseer  
  182  32:57  Viper  
  185  32:58  Viper  
  185  33:00  Infestor  
  185  33:03  Infestor  
  185  33:04  Infestor  
  194  33:29  Brood Lord  
  194  33:30  Brood Lord  
  194  33:31  Brood Lord  
  200  34:15  Nydus Canal  
  200  34:48  Zerg Missile Weapons Level 2  
  200  34:51  Zerg Flyer Weapons Level 3, Zerg Flyer Armor Level 2  
  108  36:04  Hydralisk  
  108  36:05  Hydralisk x20  
  141  36:26  Hydralisk  
  141  36:27  Hydralisk x6  
  155  36:35  Corruptor  
  155  36:36  Corruptor x6  
  169  36:43  Hydralisk  
  169  36:44  Hydralisk x6  
  126  37:21  Corruptor x16  
  126  37:22  Corruptor x5  
  156  37:36  Corruptor x5  
  138  38:22  Corruptor  
  138  38:23  Corruptor x7  
  142  39:28  Hatchery  
  141  39:36  Hatchery  
  140  39:44  Queen x4  
  148  40:01  Corruptor  
  148  40:02  Corruptor x14  
  178  40:19  Queen x3  
  178  40:20  Queen  
  186  40:32  Overlord x2  
  186  40:33  Overlord x5  
  186  40:34  Overlord x2  
  186  40:35  Overlord  
  186  40:55  Queen x4  
  194  40:57  Hatchery  
  194  40:58  Lair, Hatchery  
  192  41:05  Hatchery  
  191  41:25  Overseer  
  191  41:31  Queen x4  
  199  41:46  Drone  
  200  42:09  Spore Crawler  
  200  42:13  Spore Crawler  
  198  42:41  Spore Crawler  
  197  42:45  Spore Crawler  
  164  43:15  Corruptor x10  
  164  43:16  Corruptor x11  
  178  43:36  Corruptor  
  178  43:37  Corruptor x6  
  102  44:20  Corruptor x2  
  102  44:21  Corruptor x12  
  98  44:39  Hive  
  87  44:46  Corruptor x2  
  65  45:08  Corruptor  
  65  45:09  Corruptor  
  65  45:46  Queen x3  
  65  46:06  Spawning Pool  
  65  46:09  Hatchery  
  65  46:10  Hatchery  
  62  46:19  Spire  
  61  46:44  Infestation Pit  
  60  46:47  Spire  
  59  47:13  Overlord x6  
  59  47:14  Overlord x2  
  59  47:39  Drone x2  
  59  47:40  Drone  
  62  47:48  Corruptor x5  
  62  47:49  Corruptor x5  
  62  47:50  Corruptor x3  
  88  48:11  Nydus Network  
  87  49:12  Hydralisk Den  
  86  50:15  Ultralisk Cavern  
  86  50:21  Drone x4  
  86  50:22  Drone x6  
  86  50:23  Drone x2  
  86  50:25  Drone x4  
  86  50:26  Drone x4  
  86  50:27  Drone  
  106  51:13  Hydralisk x11  
  106  51:14  Hydralisk x10  
  148  51:45  Zergling x24  
  148  51:46  Zergling x4  
  151  52:52  Hatchery  
  151  52:53  Nydus Canal  
  151  52:57  Extractor  
  144  52:59  Extractor  
  144  53:03  Hydralisk  
  144  53:04  Hydralisk x14  
  171  53:17  Hatchery  
  171  53:19  Extractor  
  169  53:21  Extractor  
  93  54:42  Spawning Pool  
  93  54:44  Corruptor  
  93  54:45  Corruptor x14  
  122  55:09  Hatchery  
  122  55:10  Hatchery  
  122  55:12  Hatchery x2  
  118  55:14  Hatchery  
  117  55:34  Drone x3  
  120  56:17  Drone x15  
  135  56:44  Hydralisk Den  
  134  56:49  Baneling Nest  
  133  57:35  Baneling x11  
  133  57:36  Baneling x17  
  133  57:50  Spawning Pool  
  53  59:53  Drone x3  
  56  60:10  Drone  
  56  60:11  Drone x2  
  59  60:18  Drone x3  
  62  60:24  Extractor  
  62  60:27  Drone x3  
  65  60:50  Drone x3  
  65  60:54  Lair  
  67  60:58  Lair  
  67  60:59  Hatchery  
  66  61:05  Drone  
  66  61:06  Drone x2  
  69  61:18  Drone  
  69  61:19  Drone x2  
  72  61:36  Hatchery  
  72  61:38  Hatchery  
  70  61:44  Drone  
  70  61:45  Drone x2  
  73  61:47  Hatchery  
  72  61:55  Drone x3  
  75  62:24  Infestation Pit  
  74  62:35  Spire  
  73  62:39  Drone x2  
  73  62:40  Drone  
  76  62:54  Drone x2  
  76  62:55  Drone  
  79  63:35  Drone  
  79  63:36  Drone x19  
  79  63:37  Drone  
  100  63:47  Extractor  
  99  63:58  Hive  
  99  64:01  Hive  
  99  64:54  Hatchery  
  99  64:55  Unknown  
  99  64:59  Unknown x2  
  95  65:01  Unknown  
  95  65:03  Hatchery  
  95  65:04  Hatchery  
  95  65:07  Hatchery  
  91  65:12  Spire  
  90  65:30  Greater Spire  
  90  65:34  Zerg Flyer Armor Level 3  
  90  66:02  Hatchery  
  90  66:03  Drone x3  
  92  66:04  Hatchery  
  92  66:07  Hatchery  
  90  66:19  Hatchery  
  89  66:35  Drone x3  
  92  66:46  Spire  
  87  67:17  Brood Lord  
  87  67:18  Brood Lord x14  
  117  67:31  Corruptor  
  117  67:32  Corruptor x14  
  147  67:42  Extractor  
  146  68:07  Extractor  
  89  71:09  Corruptor x12  
  89  71:10  Corruptor x3  
  119  71:37  Brood Lord  
  119  71:38  Brood Lord  
  123  71:59  Hatchery  
  122  72:03  Hatchery, Drone x3  
  124  72:09  Drone x3  
  127  72:23  Hatchery  
  126  72:44  Brood Lord  
  126  72:45  Brood Lord x3  
  134  73:36  Brood Lord x3  
  134  73:37  Brood Lord  
  142  73:46  Drone x3  
  145  73:52  Extractor  
  88  75:52  Corruptor  
  88  75:53  Corruptor x14  
  74  77:04  Corruptor x8  
  74  77:05  Corruptor x5  
  96  77:37  Drone x12  
  108  78:26  Brood Lord x6  
  100  78:49  Extractor, Hatchery  
  100  78:51  Hatchery x2  
  100  78:52  Extractor  
  91  79:00  Lair  
  88  79:07  Corruptor x3  
  88  79:08  Corruptor x5  
  101  79:38  Drone x3  
  101  81:24  Drone x2  
  101  81:25  Drone x7  
  110  81:38  Spawning Pool  
  109  81:47  Drone x3  
  109  81:48  Drone x6  
  118  82:19  Spawning Pool  
  117  82:22  Spire  
  116  82:34  Hydralisk Den  
  115  82:44  Corruptor x14  
  115  82:45  Corruptor x6  
  115  82:50  Overlord x4  
  139  85:41  Corruptor  
  139  85:42  Corruptor x21  
  151  85:43  Corruptor x2  
  187  85:55  Lair  
  187  86:00  Lair  
  168  87:46  Spawning Pool  
  164  87:52  Hatchery  
  164  87:55  Extractor x2  
  160  88:51  Extractor  
  160  88:54  Extractor  
  158  89:42  Overlord  
  158  89:43  Overlord x5  
  153  90:12  Hatchery x3  
  153  90:13  Hatchery  
  143  90:15  Hatchery  
  134  90:37  Hatchery  
  134  90:40  Hatchery x2  
  134  90:41  Hatchery x2  
  134  90:42  Hatchery  
  128  90:43  Hatchery  
  128  90:44  Extractor  
  128  90:46  Hatchery  
  128  90:49  Extractor  
  124  92:22  Overlord x12  
  124  92:23  Overlord x9  
  124  92:51  Drone x9  
  124  92:52  Drone x3  
  136  93:02  Drone x11  
  136  93:03  Drone x10  
  157  93:24  Spawning Pool  
  156  93:46  Extractor x2, Drone x12  
  166  93:55  Hatchery  
  165  94:03  Spawning Pool  
  164  94:45  Lair  
  164  94:54  Lair  
  164  95:04  Hatchery  
  163  95:19  Hatchery  
  162  96:34  Infestation Pit  
  162  96:38  Extractor, Infestation Pit  
  159  96:41  Extractor  
  159  96:42  Extractor  
  157  96:48  Extractor  
  156  97:04  Drone x3  
  159  97:33  Spire  
  158  97:47  Spire  
  155  99:48  Drone x12  
  167  99:55  Drone x3  
  170  100:11  Hive  
  170  100:16  Lair  
  170  100:34  Corruptor x15  
  176  101:56  Greater Spire  
  176  101:59  Hive  
  176  102:04  Spire  
  175  102:55  Hatchery, Corruptor x8  
  175  102:56  Corruptor x5  
  200  103:04  Hatchery  
  199  103:26  Hatchery  
  172  103:53  Brood Lord x2  
  172  103:54  Brood Lord x6  
  172  103:55  Brood Lord x6  
  200  104:02  Greater Spire  
  195  104:28  Lair  
  195  104:36  Drone  
  195  104:37  Drone  
  197  105:14  Spire  
  197  105:15  Hatchery  
  197  105:16  Hatchery  
  71  108:23  Drone x4  
  71  108:24  Drone x2  
  77  110:08  Hatchery x2  
  77  110:09  Hatchery  
  77  110:10  Hatchery  
  77  110:12  Hatchery  
  70  111:03  Overlord x3  
  70  111:37  Hatchery x2  
  70  111:38  Hatchery  
  70  111:39  Hatchery  
  62  111:47  Extractor  
  62  111:51  Extractor  
  60  111:54  Drone  
  60  111:55  Drone x8  
  69  112:03  Extractor  
  69  112:04  Extractor  
  67  112:13  Corruptor x5  
  67  112:14  Corruptor  
  79  112:53  Corruptor  
  79  112:54  Corruptor x3  
  87  113:07  Spawning Pool  
  86  113:23  Infestation Pit  
  85  113:28  Spawning Pool  
  82  114:12  Drone  
  82  114:13  Drone x19  
  82  114:14  Drone  
  103  114:21  Infestor  
  103  114:22  Infestor x2  
  105  115:15  Hatchery, Unknown x2  
  105  115:17  Unknown  
  105  115:19  Unknown  
  100  115:43  Hatchery  
  100  115:46  Drone x12  
  100  115:47  Drone x9  
  120  116:26  Hive  
  120  117:03  Overlord x2  
  120  117:04  Overlord x6  
  120  117:05  Overlord x2  
  121  117:08  Drone  
  121  117:18  Corruptor  
  121  117:19  Corruptor x14  
  151  118:16  Greater Spire  
  151  118:23  Drone x3  
  150  119:25  Hatchery x2  
  150  119:26  Hatchery x2  
  150  119:30  Hatchery x2  
  144  119:31  Spire  
  143  119:39  Spire  
  142  119:47  Brood Lord  
  142  119:48  Brood Lord x14  
  172  120:17  Corruptor x11  
  172  120:18  Corruptor x3  
  200  120:23  Lair  
  170  122:18  Infestor  
  170  122:19  Corruptor x14  
Show
View Real Time Build Order
Export as new Build Order

tigro Terran 

Build Orders:  

Get SALT Encoding   

  12  0:03  SCV  
  13  0:15  Supply Depot  
  13  0:20  Refinery  
  13  0:23  SCV  
  14  0:38  SCV, Refinery  
  15  0:52  Barracks  
  15  0:59  SCV  
  16  1:11  SCV  
  17  1:23  SCV  
  18  1:35  SCV  
  19  1:44  Supply Depot, Marine  
  20  2:02  Marine  
  20  2:04  Barracks  
  21  2:14  SCV  
  22  2:19  Marine  
  23  2:26  SCV  
  24  2:37  Marine  
  24  2:39  Orbital Command  
  25  2:55  Marine  
  25  2:56  Barracks Tech Lab, Engineering Bay  
  26  3:13  Marine  
  26  3:17  Marauder  
  29  3:33  Barracks Tech Lab  
  29  3:36  Combat Shield  
  29  3:38  Marauder  
  31  4:00  Marauder  
  31  4:01  Stimpack  
  33  4:18  Factory  
  33  4:21  Marauder  
  35  4:30  Marine  
  36  4:37  Terran Infantry Weapons Level 1  
  36  4:48  Marine  
  37  4:55  Concussive Shells  
  37  5:06  Marine, Factory Tech Lab  
  38  5:21  Armory  
  38  5:24  Marine  
  39  5:41  Marine  
  40  5:43  Siege Tank  
  40  5:48  Infernal Pre-Igniter  
  43  6:15  Factory, Siege Tank  
  46  6:31  Terran Infantry Armor Level 1  
  46  7:01  Starport  
  46  7:03  Factory Tech Lab  
  46  7:06  Terran Vehicle Weapons Level 1  
  46  7:07  Mag-Field Accelerator  
  46  7:37  Drilling Claws  
  46  7:59  Missile Turret  
  46  8:10  Marine  
  47  8:25  Command Center, Neosteel Armor  
  47  8:55  Smart Servos  
  47  8:57  Medivac, Marine  
  47  8:58  Supply Depot  
  47  9:00  Terran Vehicle And Ship Armor Level 1  
  47  9:19  Marine  
  48  9:27  Medivac  
  50  9:36  Siege Tank  
  50  9:37  Marine  
  54  9:40  Planetary Fortress  
  54  9:55  Marine  
  55  10:04  Missile Turret  
  55  10:05  Hi-Sec Auto Tracking  
  55  10:08  Siege Tank  
  55  10:13  Marine  
  59  11:03  Starport Tech Lab  
  59  11:09  Missile Turret  
  59  11:46  Missile Turret  
  59  12:14  Command Center  
  59  12:24  Corvid Reactor  
  59  12:28  Starport  
  59  12:40  Terran Infantry Weapons Level 2  
  59  12:42  Terran Vehicle Weapons Level 2  
  59  13:12  Missile Turret  
  54  13:31  Planetary Fortress  
  54  13:37  Refinery  
  54  13:43  Cloaking Field  
  54  13:51  Missile Turret  
  54  13:59  SCV  
  55  14:08  SCV  
  56  14:19  Missile Turret  
  56  14:20  SCV  
  57  14:26  Refinery  
  57  14:32  SCV  
  58  14:42  Starport Tech Lab  
  58  14:43  Supply Depot  
  58  14:44  SCV  
  59  14:49  Missile Turret  
  59  14:56  SCV, Terran Infantry Armor Level 2  
  60  15:02  Hyperflight Rotors  
  60  15:07  Fusion Core  
  60  15:08  SCV  
  60  15:12  Marine  
  62  15:15  Marine  
  62  15:20  SCV  
  64  15:30  Marine  
  64  15:33  Marine, SCV  
  67  15:45  Missile Turret, SCV  
  67  15:48  Marine  
  69  15:50  Marine  
  71  15:57  Missile Turret, SCV  
  71  16:05  Marine  
  71  16:08  Marine  
  73  16:23  Marine  
  73  16:25  Command Center  
  74  16:26  Marine  
  74  16:28  Battlecruiser  
  74  16:29  Missile Turret  
  74  16:31  Battlecruiser  
  87  16:39  Rapid Reignition System  
  87  16:54  Missile Turret  
  87  17:15  Missile Turret  
  87  17:21  Missile Turret  
  87  17:23  Marauder  
  89  17:32  Battlecruiser  
  89  17:35  Thor  
  89  17:36  Weapon Refit  
  89  17:37  Battlecruiser  
  107  17:38  Missile Turret  
  107  17:45  Marauder  
  107  17:46  Planetary Fortress  
  109  17:59  Missile Turret  
  109  18:06  Marauder  
  111  18:27  Marauder  
  111  18:31  Command Center  
  113  18:40  Raven  
  115  18:55  Missile Turret  
  115  19:09  Supply Depot  
  115  19:11  Marauder  
  115  19:15  Advanced Ballistics  
  117  19:26  Battlecruiser  
  123  19:47  Missile Turret  
  123  19:48  Missile Turret  
  123  20:20  Missile Turret  
  123  20:29  Raven  
  123  20:33  Planetary Fortress  
  125  20:41  Command Center  
  125  20:45  Missile Turret  
  125  21:03  Missile Turret  
  125  21:07  Battlecruiser  
  131  21:13  Battlecruiser  
  137  21:43  Missile Turret  
  137  22:04  Planetary Fortress  
  137  22:11  Battlecruiser  
  143  22:17  Battlecruiser  
  149  22:31  SCV  
  150  22:51  Supply Depot  
  150  22:56  Supply Depot  
  150  23:12  Terran Infantry Weapons Level 3  
  150  23:15  Battlecruiser  
  150  23:16  Supply Depot  
  150  23:17  Missile Turret  
  156  23:21  Battlecruiser  
  162  23:56  Missile Turret  
  162  24:07  Missile Turret  
  162  24:19  Battlecruiser  
  162  24:21  Missile Turret  
  168  24:25  Battlecruiser  
  174  25:19  Missile Turret  
  174  25:24  Battlecruiser  
  174  25:25  Command Center  
  180  25:30  Battlecruiser  
  186  25:49  Terran Infantry Armor Level 3  
  186  25:59  Missile Turret  
  186  26:17  Missile Turret  
  186  26:28  Battlecruiser  
  192  26:39  Command Center  
  192  26:52  Missile Turret  
  192  27:15  Command Center  
  192  27:51  Missile Turret  
  192  27:54  Planetary Fortress  
  192  28:12  Missile Turret  
  192  28:26  Planetary Fortress  
  192  28:30  Planetary Fortress  
  192  28:44  Missile Turret  
  192  29:04  Terran Vehicle And Ship Armor Level 2  
  192  29:11  Missile Turret  
  192  29:34  Missile Turret  
  192  29:50  Missile Turret  
  192  30:01  Battlecruiser  
  198  30:14  Missile Turret  
  198  30:25  Marine  
  199  30:43  Marine  
  199  30:48  Missile Turret  
  200  31:12  Barracks  
  200  31:20  Terran Vehicle Weapons Level 3  
  160  32:02  Battlecruiser  
  160  32:06  Battlecruiser  
  172  32:55  Barracks Tech Lab  
  172  33:07  Battlecruiser  
  172  33:09  Factory  
  172  33:10  Battlecruiser  
  184  33:56  Starport  
  184  33:57  Terran Ship Weapons Level 1  
  184  34:01  Command Center  
  184  34:11  Battlecruiser  
  184  34:14  Raven  
  192  34:30  Factory Tech Lab  
  192  34:40  Starport Tech Lab  
  192  34:49  Missile Turret  
  192  34:57  Battlecruiser  
  198  35:13  Command Center  
  178  36:25  Battlecruiser  
  184  36:28  Battlecruiser  
  164  37:29  Battlecruiser  
  166  37:32  Battlecruiser  
  94  38:33  Battlecruiser  
  94  38:36  Battlecruiser  
  66  39:04  Planetary Fortress  
  66  39:16  Raven  
  68  39:28  Planetary Fortress  
  68  39:37  Battlecruiser  
  74  39:40  Battlecruiser  
  80  39:58  Missile Turret  
  80  39:59  Battlecruiser  
  86  40:20  Missile Turret  
  86  40:42  Battlecruiser  
  92  40:45  Battlecruiser  
  98  41:03  Battlecruiser  
  104  41:40  Missile Turret  
  104  41:46  Battlecruiser  
  110  41:49  Battlecruiser  
  110  41:52  Command Center  
  116  42:07  Battlecruiser  
  122  42:49  Missile Turret  
  122  42:50  Battlecruiser  
  128  42:53  Battlecruiser  
  134  43:11  Missile Turret  
  134  43:12  Battlecruiser  
  140  43:25  Planetary Fortress  
  140  43:54  Battlecruiser  
  146  43:57  Battlecruiser  
  152  44:09  Command Center  
  152  44:16  Battlecruiser  
  158  44:59  Battlecruiser  
  164  45:01  Battlecruiser  
  170  45:20  Battlecruiser  
  176  45:26  Missile Turret  
  176  46:03  Battlecruiser  
  182  46:06  Battlecruiser  
  188  46:24  Battlecruiser  
  182  47:07  Battlecruiser  
  186  47:10  Battlecruiser  
  174  47:29  Battlecruiser  
  150  48:33  Battlecruiser  
  156  48:48  Battlecruiser  
  162  48:52  Battlecruiser  
  168  49:14  Planetary Fortress  
  168  49:37  Battlecruiser  
  174  49:47  Missile Turret  
  174  49:52  Battlecruiser  
  180  49:56  Battlecruiser  
  186  50:41  Battlecruiser  
  192  50:56  Battlecruiser  
  198  51:18  Missile Turret  
  198  51:41  Command Center  
  180  54:25  Planetary Fortress  
  180  54:43  Command Center  
  180  54:59  Battlecruiser  
  186  55:03  Battlecruiser  
  192  56:03  Battlecruiser  
  198  56:27  Missile Turret  
  198  57:24  Command Center  
  196  60:08  SCV  
  197  60:20  SCV  
  198  60:33  Command Center  
  198  61:47  Missile Turret  
  198  61:54  Planetary Fortress  
  198  62:17  Command Center  
  198  62:37  Planetary Fortress  
  198  63:00  Missile Turret  
  198  63:25  Command Center  
  198  63:31  Planetary Fortress  
  198  63:56  Missile Turret  
  66  69:59  Planetary Fortress  
  66  70:16  Command Center  
  66  70:31  Missile Turret  
  66  70:52  Battlecruiser  
  78  70:57  Battlecruiser  
  78  71:02  Battlecruiser  
  84  71:22  Missile Turret  
  84  71:29  Missile Turret  
  95  72:01  Battlecruiser  
  95  72:06  Battlecruiser  
  57  73:05  Battlecruiser  
  57  73:10  Battlecruiser, Planetary Fortress  
  63  73:35  Starport  
  44  74:14  Battlecruiser  
  38  74:23  Starport Tech Lab  
  35  74:30  Missile Turret  
  22  74:41  SCV  
  22  74:45  Battlecruiser  
  23  74:53  SCV  
  24  75:11  Missile Turret  
  24  75:19  Battlecruiser  
  30  75:23  Missile Turret  
  30  75:40  Missile Turret  
  30  75:42  SCV  
  31  75:49  Battlecruiser  
  37  75:54  SCV  
  38  75:59  Command Center  
  38  76:06  SCV  
  39  76:16  Missile Turret  
  39  76:18  SCV, Missile Turret  
  40  76:19  Command Center  
  40  76:23  Battlecruiser  
  46  76:30  SCV  
  47  76:40  Missile Turret  
  47  76:52  Factory  
  47  76:53  Battlecruiser  
  53  77:01  Missile Turret  
  53  77:08  Command Center  
  53  77:16  Orbital Command  
  53  77:27  Battlecruiser  
  59  77:35  Factory  
  59  77:46  Starport  
  59  77:50  Missile Turret  
  59  77:57  Battlecruiser  
  59  77:58  Missile Turret  
  65  78:17  Planetary Fortress  
  65  78:22  Missile Turret  
  65  78:25  Factory Tech Lab  
  65  78:31  Battlecruiser  
  71  78:36  Starport Tech Lab  
  71  78:37  Barracks  
  71  78:46  Command Center  
  71  78:52  Missile Turret  
  71  78:57  Battlecruiser  
  71  79:02  Battlecruiser  
  83  79:35  SCV  
  83  79:36  Battlecruiser  
  90  79:43  Planetary Fortress  
  90  79:48  SCV  
  91  79:56  Command Center  
  91  80:00  SCV  
  91  80:02  Battlecruiser  
  91  80:06  Battlecruiser  
  104  80:09  Missile Turret  
  104  80:10  Planetary Fortress  
  104  80:12  SCV  
  105  80:24  SCV  
  106  80:30  Missile Turret  
  106  80:40  Battlecruiser  
  112  80:49  Siege Tank  
  115  80:52  Siege Tank  
  118  81:06  Battlecruiser  
  118  81:09  Barracks Tech Lab  
  118  81:10  Battlecruiser  
  130  81:25  Command Center  
  130  81:44  Battlecruiser  
  136  82:10  Battlecruiser  
  136  82:14  Battlecruiser  
  148  82:48  Battlecruiser  
  154  83:14  Medivac  
  154  83:16  Planetary Fortress  
  154  83:19  Battlecruiser  
  162  83:22  Missile Turret  
  162  83:44  Battlecruiser  
  168  83:53  Battlecruiser  
  174  84:23  Battlecruiser  
  180  84:49  Battlecruiser  
  186  84:57  Battlecruiser  
  192  85:01  Missile Turret  
  192  85:27  Battlecruiser  
  198  86:53  Command Center  
  198  88:26  Planetary Fortress  
  198  88:47  Missile Turret  
  198  88:52  Missile Turret  
  196  89:46  Missile Turret  
  196  89:48  SCV  
  197  90:00  SCV  
  198  90:08  Command Center  
  198  90:12  SCV  
  199  90:25  SCV  
  56  91:39  Battlecruiser  
  32  91:43  Battlecruiser  
  32  91:46  Battlecruiser  
  44  91:54  Planetary Fortress  
  44  92:16  Planetary Fortress  
  44  92:28  Refinery  
  44  92:35  Refinery  
  44  92:40  Missile Turret  
  44  92:43  Battlecruiser  
  50  92:47  Battlecruiser  
  37  93:47  Battlecruiser  
  40  93:51  Battlecruiser  
  45  94:06  Missile Turret  
  37  94:59  Missile Turret  
  31  95:04  Missile Turret  
    96:49  SCV  
Show
View Real Time Build Order
Export as new Build Order

TATORREA Protoss 

Build Orders: Carriers 

Get SALT Encoding   

  12  0:08  Probe (Chrono Boost)  
  13  0:16  Probe (Chrono Boost)  
  14  0:22  Probe  
  15  0:32  Assimilator  
  15  0:46  Pylon  
  15  0:56  Pylon  
  15  1:04  Pylon, Probe  
  16  1:12  Pylon  
  16  1:16  Probe  
  17  1:19  Forge  
  17  1:28  Probe  
  18  1:33  Gateway  
  18  1:40  Probe  
  19  1:47  Pylon  
  19  1:52  Pylon, Probe  
  20  1:59  Pylon  
  20  2:12  Photon Cannon  
  20  2:19  Photon Cannon  
  20  2:30  Assimilator  
  20  2:44  Zealot  
  20  2:47  Cybernetics Core  
  22  3:12  Zealot  
  24  3:22  Probe  
  25  3:34  Probe  
  25  3:35  Stargate  
  25  3:39  Zealot  
  28  3:41  Robotics Facility  
  28  3:46  Probe  
  29  3:58  Photon Cannon  
  29  4:02  Shield Battery  
  29  4:06  Zealot  
  29  4:09  Photon Cannon  
  31  4:18  Shield Battery  
  30  4:33  Zealot  
  27  5:00  Zealot  
  27  5:06  Nexus  
  29  5:11  Assimilator  
  29  5:15  Assimilator  
  29  5:31  Pylon  
  29  5:34  Pylon  
  17  5:58  Probe (Chrono Boost)  
  18  6:11  Probe (Chrono Boost)  
  19  6:16  Probe (Chrono Boost)  
  20  6:25  Probe  
  21  6:38  Shield Battery  
  21  7:04  Probe (Chrono Boost)  
  22  7:11  Probe  
  23  7:18  Probe (Chrono Boost)  
  25  7:31  Probe (Chrono Boost)  
  25  7:37  Probe (Chrono Boost)  
  26  7:46  Probe (Chrono Boost)  
  27  7:54  Probe (Chrono Boost)  
  27  7:57  Probe (Chrono Boost)  
  30  8:06  Probe (Chrono Boost)  
  30  8:08  Probe (Chrono Boost)  
  31  8:27  Photon Cannon  
  31  8:33  Photon Cannon  
  31  8:38  Photon Cannon  
  31  8:44  Probe (Chrono Boost)  
  32  8:55  Probe x2 (Chrono Boost)  
  34  8:59  Probe x2 (Chrono Boost)  
  36  9:09  Probe  
  37  9:21  Probe  
  38  9:25  Fleet Beacon  
  38  9:33  Pylon, Probe  
  39  9:39  Pylon  
  39  9:44  Pylon  
  39  9:55  Robotics Bay  
  39  9:57  Stalker  
  41  10:17  Probe (Chrono Boost)  
  42  10:27  Stalker, Probe (Chrono Boost)  
  45  10:40  Probe (Chrono Boost)  
  46  10:54  Probe (Chrono Boost)  
  47  10:59  Carrier  
  47  11:00  Probe (Chrono Boost)  
  54  11:05  Immortal  
  54  11:09  Probe  
  59  11:13  Sentry  
  61  11:39  Sentry  
  63  11:51  Photon Cannon  
  63  11:54  Photon Cannon  
  63  11:57  Photon Cannon  
  63  11:59  Photon Cannon  
  63  12:02  Photon Cannon  
  63  12:03  Carrier  
  63  12:04  Photon Cannon  
  63  12:05  Adept  
  63  12:06  Photon Cannon  
  71  12:10  Photon Cannon  
  71  12:17  Photon Cannon  
  71  12:36  Probe (Chrono Boost)  
  72  12:48  Probe (Chrono Boost)  
  73  12:52  Probe (Chrono Boost)  
  74  13:04  Stargate  
  74  13:07  Stargate  
  74  13:14  Carrier  
  80  13:47  Photon Cannon  
  80  13:52  Photon Cannon  
  80  13:58  Photon Cannon  
  80  14:02  Photon Cannon  
  80  14:08  Photon Cannon  
  80  14:14  Photon Cannon  
  80  14:18  Carrier  
  80  14:21  Photon Cannon  
  86  14:26  Photon Cannon  
  86  14:29  Photon Cannon  
  86  14:35  Photon Cannon  
  86  14:39  Photon Cannon  
  86  14:47  Pylon  
  86  14:52  Pylon  
  86  15:11  Tempest  
  86  15:12  Tempest  
  96  16:16  Carrier x3  
  122  16:54  Mothership  
  122  17:20  Carrier  
  128  17:26  Photon Cannon  
  128  17:27  Photon Cannon  
  128  17:30  Photon Cannon  
  128  17:34  Photon Cannon  
  128  17:40  Photon Cannon  
  128  17:44  Photon Cannon  
  128  17:52  Photon Cannon  
  128  17:57  Photon Cannon  
  128  18:10  Photon Cannon  
  128  18:14  Photon Cannon  
  128  18:21  Photon Cannon  
  128  18:39  Carrier  
  128  18:40  Carrier  
  140  19:31  Pylon  
  140  19:38  Pylon  
  140  19:41  Pylon  
  140  19:46  Pylon  
  140  19:48  Tempest  
  140  19:51  Pylon  
  145  19:55  Pylon  
  145  20:00  Pylon  
  145  20:05  Pylon  
  145  20:14  Pylon  
  145  20:17  Carrier x2  
  157  20:31  Carrier  
  163  21:39  Photon Cannon x2  
  163  21:45  Photon Cannon  
  163  21:47  Photon Cannon  
  163  21:50  Photon Cannon  
  163  21:54  Photon Cannon  
  163  21:58  Photon Cannon  
  163  22:03  Photon Cannon  
  163  22:07  Photon Cannon  
  163  22:10  Photon Cannon  
  163  22:13  Photon Cannon  
  163  22:15  Photon Cannon  
  163  22:32  Carrier  
  163  22:33  Carrier  
  93  24:33  Carrier x3  
  111  25:37  Carrier  
  111  25:38  Carrier  
  64  26:12  Carrier  
  64  26:42  Carrier  
  70  27:49  Probe (Chrono Boost)  
  71  27:53  Probe (Chrono Boost)  
  72  28:00  Tempest x2  
  72  28:01  Tempest  
  72  28:03  Probe  
  88  28:15  Probe  
  89  28:27  Probe  
  90  28:43  Tempest  
  95  29:08  Tempest x2  
  105  29:31  Photon Cannon  
  105  30:22  Pylon  
  105  30:31  Pylon  
  105  30:37  Pylon  
  105  30:45  Pylon  
  105  31:04  Pylon  
  105  31:11  Pylon  
  105  31:26  Carrier x2  
  105  31:29  Pylon  
  117  31:35  Sentry  
  119  31:57  Pylon  
  121  32:01  Sentry  
  121  32:09  Pylon  
  121  32:27  Sentry  
  123  32:51  Probe  
  123  32:54  Sentry  
  126  32:59  Probe  
  127  33:10  Probe (Chrono Boost)  
  129  33:20  Sentry  
  129  33:21  Probe (Chrono Boost)  
  129  33:25  Probe (Chrono Boost)  
  132  33:57  Carrier x2  
  132  33:58  Carrier  
  150  34:15  Unknown  
  150  34:25  Protoss Air Weapons Level 1  
  150  34:44  Gravitic Boosters  
  150  35:01  Carrier  
  156  35:13  Anion Pulse-Crystals  
  156  35:25  Photon Cannon  
  144  35:41  Gravitic Drive  
  116  36:23  Photon Cannon  
  116  36:28  Photon Cannon  
  116  36:33  Protoss Air Armor Level 1  
  116  36:37  Photon Cannon  
  116  36:38  Extended Thermal Lance  
  116  36:44  Photon Cannon  
  116  36:47  Photon Cannon  
  116  36:53  Photon Cannon  
  116  37:26  Carrier x3  
  134  38:03  Mothership (Chrono Boost)  
  142  38:27  Warp Gate  
  142  38:40  Carrier  
  148  38:45  Tempest  
  153  40:01  Carrier x3  
  170  40:25  Protoss Air Weapons Level 2  
  170  40:31  Probe (Chrono Boost)  
  171  40:37  Probe (Chrono Boost)  
  172  40:45  Probe  
  173  40:57  Probe  
  174  41:33  Pylon  
  174  41:44  Pylon  
  174  41:47  Pylon  
  174  42:06  Carrier x3  
  192  42:58  Protoss Air Armor Level 2  
  182  43:09  Tempest  
  121  44:44  Carrier  
  121  44:45  Carrier x2  
  133  45:49  Carrier x3  
  137  46:53  Carrier x2  
  139  47:18  Probe (Chrono Boost)  
  128  47:29  Probe (Chrono Boost)  
  111  47:34  Probe (Chrono Boost)  
  79  47:44  Probe  
  74  47:56  Probe  
  22  49:19  Carrier  
  22  49:35  Pylon  
  22  49:41  Probe (Chrono Boost)  
  23  49:49  Probe (Chrono Boost)  
  24  49:55  Probe  
  24  49:58  Photon Cannon  
  25  50:01  Photon Cannon  
  25  50:07  Photon Cannon, Probe  
  25  50:09  Protoss Air Weapons Level 3  
  26  50:16  Photon Cannon  
  26  50:19  Probe  
  26  50:20  Photon Cannon  
  27  50:23  Carrier  
  27  50:25  Photon Cannon  
  33  50:29  Photon Cannon  
  33  50:40  Probe (Chrono Boost)  
  34  50:48  Probe (Chrono Boost)  
  35  50:54  Probe  
  36  51:00  Stargate  
  36  51:11  Stargate  
  36  51:20  Photon Cannon  
  36  51:35  Carrier  
  42  51:58  Tempest  
  47  52:54  Mothership (Chrono Boost)  
  55  53:07  Protoss Air Armor Level 3  
  55  53:55  Carrier  
  61  54:30  Sentry  
  63  54:56  Stalker  
  65  55:07  Nexus  
  65  55:12  Assimilator  
  65  55:16  Assimilator  
  65  55:26  Stalker  
  67  55:32  Photon Cannon  
  67  55:39  Pylon  
  67  55:44  Pylon  
  67  55:56  Stalker  
  69  56:07  Pylon  
  69  56:13  Pylon  
  69  56:18  Pylon  
  69  56:22  Pylon  
  69  56:26  Pylon, Zealot  
  71  56:40  Photon Cannon  
  71  56:42  Photon Cannon  
  71  56:45  Photon Cannon  
  71  56:48  Photon Cannon  
  71  56:51  Photon Cannon  
  71  56:54  Probe  
  72  57:03  Photon Cannon  
  72  57:06  Probe  
  72  57:07  Photon Cannon  
  73  57:11  Photon Cannon  
  73  57:14  Photon Cannon  
  73  57:16  Photon Cannon  
  73  57:18  Probe  
  73  57:19  Photon Cannon  
  73  57:22  Photon Cannon  
  74  57:31  Probe  
  75  57:43  Probe (Chrono Boost)  
  76  57:53  Carrier x2  
  76  57:54  Probe (Chrono Boost)  
  89  58:03  Probe (Chrono Boost)  
  91  58:20  Probe (Chrono Boost)  
  91  58:26  Probe (Chrono Boost)  
  92  58:43  Probe (Chrono Boost)  
  93  58:54  Probe (Chrono Boost)  
  93  58:55  Carrier  
  100  58:57  Carrier x2  
  100  59:02  Probe (Chrono Boost)  
  114  59:18  Probe (Chrono Boost)  
  114  59:25  Probe (Chrono Boost)  
  115  59:43  Probe  
  115  59:51  Probe  
  117  60:02  Probe  
  118  60:14  Tempest x3, Probe  
  135  60:30  Probe (Chrono Boost)  
  141  60:57  Carrier x2  
  141  61:01  Carrier  
  159  62:01  Carrier x2  
  165  62:31  Photon Cannon  
  165  62:34  Photon Cannon  
  165  62:45  Photon Cannon  
  165  62:50  Photon Cannon  
  165  62:55  Photon Cannon  
  165  62:59  Photon Cannon  
  165  63:06  Photon Cannon  
  165  63:09  Photon Cannon  
  165  63:23  Photon Cannon  
  165  63:28  Photon Cannon  
  165  63:33  Photon Cannon  
  165  63:36  Photon Cannon  
  165  63:48  Photon Cannon  
  165  63:51  Photon Cannon  
  165  63:53  Photon Cannon  
  165  63:56  Photon Cannon  
  165  63:59  Photon Cannon  
  165  64:01  Photon Cannon  
  165  64:04  Photon Cannon  
  165  64:10  Photon Cannon  
  165  64:15  Photon Cannon  
  165  64:16  Tempest x2  
  175  64:17  Carrier  
  181  64:26  Photon Cannon  
  181  64:30  Photon Cannon  
  181  64:35  Photon Cannon  
  181  64:42  Photon Cannon  
  181  64:52  Photon Cannon  
  181  64:59  Tempest, Carrier  
  192  65:22  Carrier  
  192  66:31  Carrier  
  189  68:26  Tempest  
  126  69:50  Carrier  
  132  70:02  Pylon  
  132  70:26  Pylon  
  131  70:54  Carrier  
  137  71:58  Carrier  
  143  73:02  Carrier  
  117  76:10  Nexus  
  117  76:16  Assimilator  
  79  77:07  Probe (Chrono Boost)  
  80  77:19  Probe (Chrono Boost)  
  81  77:24  Probe (Chrono Boost)  
  82  77:34  Probe (Chrono Boost)  
  83  77:40  Probe (Chrono Boost)  
  86  77:52  Probe x2 (Chrono Boost)  
  86  77:56  Probe (Chrono Boost)  
  87  77:59  Pylon  
  87  78:07  Probe  
  88  78:19  Probe  
  89  78:22  Pylon  
  89  78:31  Forge  
  77  79:51  Gateway  
  75  80:43  Cybernetics Core  
  75  80:48  Probe (Chrono Boost)  
  65  80:59  Probe (Chrono Boost)  
  62  81:04  Probe (Chrono Boost)  
  63  81:15  Probe  
  64  81:27  Probe  
  65  81:38  Nexus  
  65  81:42  Assimilator  
  65  81:46  Assimilator  
  65  81:52  Pylon  
  65  81:56  Pylon  
  65  82:06  Probe  
  66  82:18  Probe  
  66  82:22  Stargate  
  67  82:30  Probe  
  68  82:39  Stargate  
  68  82:42  Probe  
  69  82:45  Stargate  
  69  82:54  Probe (Chrono Boost)  
  70  83:08  Probe (Chrono Boost)  
  71  83:15  Probe (Chrono Boost)  
  71  83:16  Probe (Chrono Boost)  
  73  83:26  Probe (Chrono Boost)  
  75  83:28  Probe (Chrono Boost)  
  75  83:32  Probe (Chrono Boost)  
  76  83:36  Fleet Beacon  
  76  83:41  Probe  
  77  83:45  Stargate  
  77  83:49  Probe (Chrono Boost)  
  79  83:57  Probe (Chrono Boost)  
  79  84:01  Probe (Chrono Boost)  
  80  84:07  Probe (Chrono Boost)  
  81  84:26  Probe (Chrono Boost)  
  82  84:33  Photon Cannon, Probe (Chrono Boost)  
  83  84:40  Probe  
  83  84:45  Tempest x2, Carrier x2  
  107  84:52  Probe  
  107  85:04  Probe  
  114  85:28  Tempest, Carrier  
  119  85:46  Pylon  
  119  85:49  Carrier x2  
  131  85:51  Pylon  
  131  85:55  Pylon  
  131  86:00  Pylon  
  131  86:05  Pylon  
  131  86:09  Pylon  
  131  86:11  Carrier  
  131  86:12  Pylon  
  131  86:16  Pylon  
  137  86:21  Pylon  
  137  86:32  Tempest  
  142  86:53  Tempest x2  
  157  87:15  Carrier  
  157  87:16  Carrier  
  157  87:36  Carrier x2  
  165  88:34  Pylon  
  165  88:35  Pylon  
  165  88:40  Pylon  
  165  88:42  Pylon  
  165  88:45  Pylon  
  165  88:47  Pylon  
  165  88:50  Pylon  
  165  88:52  Pylon  
  165  88:55  Pylon  
  165  88:58  Pylon  
  165  88:59  Pylon  
  165  89:02  Tempest x2  
  165  89:03  Pylon  
  165  89:05  Carrier  
  165  89:08  Carrier  
  187  89:46  Carrier x2  
  175  92:02  Pylon  
  175  92:04  Pylon  
  175  92:06  Pylon  
  175  92:09  Pylon  
  175  92:13  Pylon  
  175  92:16  Pylon  
  175  92:17  Pylon  
  175  92:20  Pylon  
  175  92:22  Pylon  
  175  92:25  Carrier  
  175  92:27  Carrier  
  187  92:32  Carrier  
  193  93:29  Carrier  
  187  97:58  Carrier x3  
  181  99:02  Tempest x3  
  196  99:52  Pylon  
  196  99:57  Pylon  
  196  100:09  Forge  
  186  101:55  Photon Cannon  
  186  101:56  Photon Cannon  
  186  101:59  Photon Cannon  
  186  102:02  Photon Cannon  
  186  102:03  Photon Cannon  
  186  102:05  Photon Cannon  
  186  102:08  Photon Cannon  
  186  102:11  Photon Cannon  
  186  102:15  Photon Cannon  
  186  102:17  Photon Cannon  
  186  102:23  Photon Cannon  
  186  102:31  Photon Cannon  
  186  102:32  Photon Cannon  
  186  102:35  Photon Cannon  
  186  102:40  Photon Cannon  
  186  102:41  Carrier x2  
  198  102:51  Photon Cannon  
  198  102:54  Photon Cannon  
  180  106:12  Carrier x3  
  119  108:33  Nexus  
  90  111:08  Assimilator  
  90  111:11  Probe  
  91  111:22  Pylon  
  91  111:23  Probe  
  91  111:24  Pylon  
  92  111:28  Pylon  
  92  111:35  Probe  
  93  111:42  Pylon  
  93  111:45  Pylon  
  93  111:47  Probe  
  94  111:54  Gateway  
  94  112:00  Probe  
  95  112:01  Pylon  
  95  112:08  Pylon  
  95  112:12  Pylon  
  95  112:21  Pylon  
  95  112:41  Pylon  
  95  112:45  Pylon  
  95  112:51  Pylon  
  95  113:02  Cybernetics Core  
  95  113:12  Photon Cannon  
  95  113:19  Photon Cannon  
  95  113:22  Photon Cannon  
  95  113:25  Photon Cannon  
  95  113:30  Photon Cannon  
  95  113:35  Photon Cannon  
  95  113:36  Photon Cannon  
  95  113:58  Stargate  
  95  114:09  Stargate  
  95  114:11  Stargate  
  95  114:16  Stargate  
  95  114:20  Photon Cannon  
  95  114:23  Photon Cannon  
  95  114:27  Photon Cannon  
  95  114:35  Photon Cannon  
  95  114:40  Photon Cannon  
  95  114:45  Photon Cannon  
  95  114:47  Photon Cannon  
  95  114:53  Fleet Beacon  
  95  114:58  Photon Cannon  
  95  115:08  Photon Cannon  
  95  115:09  Tempest x4  
  109  115:35  Probe  
  110  115:47  Probe (Chrono Boost)  
  111  115:51  Tempest  
  111  115:52  Tempest x3  
  131  115:59  Probe (Chrono Boost)  
  132  116:04  Probe (Chrono Boost)  
  133  116:13  Probe (Chrono Boost)  
  135  116:26  Probe (Chrono Boost)  
  135  116:34  Tempest  
  140  116:54  Probe (Chrono Boost)  
  141  117:05  Probe (Chrono Boost)  
  142  117:10  Probe (Chrono Boost)  
  143  117:20  Probe (Chrono Boost)  
  145  117:32  Probe (Chrono Boost)  
  145  117:36  Probe (Chrono Boost)  
  146  117:46  Probe (Chrono Boost)  
  147  117:56  Probe (Chrono Boost)  
  148  118:01  Probe (Chrono Boost)  
  149  118:13  Probe  
  108  119:16  Carrier  
  108  119:17  Carrier x2  
  126  119:32  Probe (Chrono Boost)  
  127  119:40  Probe (Chrono Boost)  
  128  119:47  Probe  
  129  120:30  Carrier x2  
  141  120:46  Carrier  
  147  121:34  Carrier x2  
  93  123:10  Carrier x2  
  93  123:11  Carrier  
Tags
 
Add a new tag
Caveats
  • Supply blocks, unpowered buildings, or Contaminate may cause inaccurate times.
  • Supply counts are checked every 10 seconds.